 Dungeon Crawl Stone Soup version 0.27.0-1-g7a089689b8 (webtiles) character file.

Game seed: 17340810599560112082

5280 Malachi the Cleaver (level 10, -4/79 HPs)
             Began as a Demonspawn Berserker on Aug 12, 2021.
             Was a High Priest of Trog.
             Slain by a large abomination (13 damage)
             ... on level 1 of the Abyss.
             The game lasted 00:16:17 (10191 turns).

Malachi the Cleaver (Demonspawn Berserker)         Turns: 10191, Time: 00:16:17

Health: -4/79      AC:  8    Str: 15 (16) XL:     10   Next: 37%
Magic:  7/7        EV: 24    Int:  7 (9)  God:    Trog [*****.]
Gold:   149        SH:  0    Dex: 17 (18) Spells: 9/9 levels left

rFire    . . .     SeeInvis .   h - +8 quarterstaff of Valiance {freeze, rPois rN+ Dex+3}
rCold    . . .     Faith    .   (shield currently unavailable)
rNeg     + . .     Spirit   .   b - +0 animal skin
rPois    +         Reflect  .   e - +0 helmet
rElec    .         Harm     .   i - +1 cloak
rCorr    .         Rampage  .   (no gloves)
Will     ++...                  (no boots)
Stlth    +++.......             (no amulet)
HPRegen  1.23/turn              d - +4 ring of evasion
MPRegen  0.10/turn              j - +6 ring of dexterity

@: mighty, agile, strong-willed, on berserk cooldown, regenerating, slowed, very
slow
A: icy blue scales 2, ignite blood 3, powered by pain 2, talons 1, [clumsy 2],
[deterioration 2], [low mp 3], [weak 2], [no potion heal 2]
a: Renounce Religion, Berserk, Trog's Hand, Brothers in Arms


You were on level 1 of the Abyss.
You worshipped Trog.
Trog was extremely pleased with you.
You visited 2 branches of the dungeon, and saw 9 of its levels.
You visited the Abyss 1 time.
You also visited: Ossuary.

You collected 452 gold pieces.
You spent 303 gold pieces at shops.

Inventory:

Hand Weapons
 a - a +1 hand axe
 h - the +8 quarterstaff of Valiance (weapon) {freeze, rPois rN+ Dex+3}
   (You bought it in a shop on level 7 of the Dungeon)

   It freezes those it strikes, dealing additional cold damage.
   It can also slow down cold-blooded creatures.
   Dex:       It affects your dexterity (+3).
   rPois:     It protects you from poison.
   rN:        It protects you from negative energy.
 t - a +0 war axe
Missiles
 k - a throwing net (quivered)
Armour
 b - a +0 animal skin (worn)
 e - a +0 helmet (worn)
 i - a +1 cloak (worn)
Jewellery
 d - a +4 ring of evasion (left hand)
 j - a +6 ring of dexterity (right hand)
 o - a ring of magical power
Wands
 n - a wand of digging (3)
Scrolls
 f - 7 scrolls of teleportation
 p - 4 scrolls of enchant armour
 q - a scroll of fear
 r - a scroll of magic mapping
 u - 2 scrolls of enchant weapon
Potions
 c - a potion of berserk rage
 l - 3 potions of heal wounds
 m - 6 potions of curing
 s - a potion of flight
 w - a potion of mutation
 x - 2 potions of resistance
 z - a potion of invisibility


   Skills:
 + Level 7.2 Fighting
 + Level 9.2 Axes
 + Level 5.3 Staves
 + Level 1.8 Armour
 + Level 6.5 Dodging
 + Level 4.5 Stealth


You had 9 spell levels left.
You didn't know any spells.
Your spell library was empty.

Dungeon Overview and Level Annotations

Branches:
Dungeon (8/15)             Temple (1/1) D:7         Ossuary (visited)
   Lair: D:8-11

Altars:
Ashenzari
Hepliaklqana
Kikubaaqudgha
Makhleb
Qazlal
Sif Muna
Uskayaw
Vehumet

Shops:
D:7 =:=*(

Annotations:
D:7 Pikel


Innate Abilities, Weirdness & Mutations

You are mostly covered in icy blue scales. (AC +3)
Your demonic aura causes all spilled blood to erupt in flames.
You sometimes gain power by taking damage.
You have sharp toenails.
[You are very clumsy. (Dex -4)]
[Your body often deteriorates upon taking damage.]
[Your magical capacity is extremely low. (-30% MP)]
[You are very weak. (Str -4)]
[Potions cannot restore your health.]


Message History

You feel the effects of Trog's Hand fading.
w - 2 fizzy white potions (gained 1)
Your skin stops crawling.
You feel less strong-willed.
A yellow draconian comes into view. It is wielding a +0 long sword.
A white imp and a small abomination come into view.
It was a potion of mutation.
You feel extremely strange.
Your toenails lengthen and sharpen.
A spatial vortex comes into view.
Your extra speed is starting to run out.
The spatial vortex completely misses you.
A red film seems to cover your vision as you go berserk!
You feel yourself moving faster!
You feel mighty!
You sock the spatial vortex! You freeze the spatial vortex.
You claw the spatial vortex!
The spatial vortex is severely damaged.
You feel a strong urge to attack something.
You feel your anger nearly subside.
You are no longer berserk.
You are exhausted.
You feel yourself slow down.
You feel yourself slow down.
A spatial vortex comes into view.
The spatial vortex moves out of view.
Your skin crawls.
You feel strong-willed.
A large abomination comes into view.
You thump the large abomination! You freeze the large abomination.
Your kick misses the large abomination.
The large abomination is moderately damaged.
The large abomination closely misses you.
The large abomination misses you.
You hit the large abomination but do no damage.
Your kick misses the large abomination.
The large abomination is moderately damaged.
The large abomination hits you!!
* * * LOW HITPOINT WARNING * * *
Your body deteriorates!
You feel weakened.
You focus on the pain.
You feel very mighty all of a sudden. The large abomination hits you!
You die...

#.# #.# ..#
... ... #
#.#. #.#.#
....###.#.#
........X.#
#.....§@##
........☼#
.###.#.#.#
##.#.## #
#.###.#
..#.#.##
..# #.#.#
..##.#.## .
#.###.#


You could see a large abomination.

Vanquished Creatures
  A large abomination (Abyss:1)
  A smoke demon (Abyss:1)
  An orange demon (Abyss:1)
  Prince Ribbit (D:6)
  A slime creature (D:7)
  A wyvern (D:7)
  A small abomination (Abyss:1)
  2 water moccasins
  Edmund (D:4)
  Duvessa (D:7)
  A sky beast (D:5)
  2 orc warriors (D:8)
  2 ice beasts
  2 ogres
  A necrophage (D:5)
  2 centaurs
  A kobold brigand (D:6)
  2 bullfrogs
  A scorpion (D:5)
  Dowan (D:7)
  8 water moccasin zombies (Ossuary)
  4 killer bees
  2 howler monkeys
  A hound (D:5)
  A quasit (Abyss:1)
  Crazy Yiuf (D:2)
  2 centaur skeletons (D:7)
  3 bullfrog skeletons (D:5)
  2 orc priests (D:5)
  A scorpion zombie (D:5)
  Ijyb (D:4)
  Natasha (twice) (D:2)
  An iguana (D:5)
  11 orc wizards
  A killer bee zombie (D:7)
  2 mummies (Ossuary)
  A hound skeleton (D:5)
  Robin (D:4)
  16 gnolls
  13 adders
  A shadow imp (D:7)
  3 white imps
  An ufetubus (D:5)
  An adder skeleton (D:4)
  6 adder zombies (Ossuary)
  2 worms
  34 orcs
  11 ball pythons
  4 bats
  5 endoplasms
  3 giant cockroaches
  16 goblins
  4 hobgoblins
  10 kobolds
  3 quokkas (D:2)
  4 frilled lizards
  6 gnoll zombies (Ossuary)
  5 hobgoblin zombies (Ossuary)
  3 kobold zombies (Ossuary)
  2 orc zombies (Ossuary)
  9 rats
233 creatures vanquished.

Vanquished Creatures (others)
  A plant (D:1)
  9 starspawn tentacles (Abyss:1)
10 creatures vanquished.

Grand Total: 243 creatures vanquished

Notes
Turn   | Place    | Note
-------+----------+-------------------------------------------
     0 | D:1      | Malachi the Demonspawn Berserker began the quest for the
                  | Orb.
     0 | D:1      | Reached XP level 1. HP: 18/18 MP: 1/1
   530 | D:1      | Gained mutation: Your demonic aura sometimes causes spilled
                  | blood to erupt in flames. [demonic ancestry]
   530 | D:1      | Reached XP level 2. HP: 24/24 MP: 2/2
   537 | D:1      | Reached skill level 3 in Axes
   904 | D:1      | Found a faded altar of an unknown god.
  1483 | D:2      | Gained mutation: You sometimes gain a little power by
                  | taking damage. [demonic ancestry]
  1483 | D:2      | Reached XP level 3. HP: 28/29 MP: 3/3
  1597 | D:2      | Reached ** piety under Trog
  1767 | D:2      | Noticed Natasha
  1773 | D:2      | Killed Natasha
  1774 | D:2      | Reached skill level 1 in Stealth
  1774 | D:2      | Gained mutation: You are partially covered in icy blue
                  | scales. (AC +2) [demonic ancestry]
  1774 | D:2      | Reached XP level 4. HP: 35/35 MP: 4/4
  1851 | D:2      | Noticed Natasha
  1861 | D:2      | Killed Natasha
  2399 | D:2      | Found a runed translucent door.
  2400 | D:2      | Noticed Crazy Yiuf
  2408 | D:2      | Killed Crazy Yiuf
  2409 | D:2      | Reached skill level 4 in Axes
  2409 | D:2      | Reached XP level 5. HP: 42/42 MP: 5/5
  2538 | D:3      | Found a radiant altar of Vehumet.
  2770 | D:3      | Found an ancient bone altar of Kikubaaqudgha.
  3005 | D:3      | Found a shimmering blue altar of Sif Muna.
  3409 | D:3      | Gained mutation: You sometimes gain power by taking damage.
                  | [demonic ancestry]
  3409 | D:3      | Reached XP level 6. HP: 39/48 MP: 6/6
  3546 | D:3      | Found a burning altar of Makhleb.
  3632 | D:3      | Found a hazy altar of Hepliaklqana.
  4187 | D:4      | Reached *** piety under Trog
  4188 | D:4      | Found a hide-covered altar of Uskayaw.
  4195 | D:4      | Reached skill level 5 in Axes
  4723 | D:4      | Gained mutation: Your demonic aura often causes spilled
                  | blood to erupt in flames. [demonic ancestry]
  4723 | D:4      | Reached XP level 7. HP: 35/55 MP: 7/7
  5028 | D:4      | Noticed Ijyb
  5058 | D:4      | Killed Ijyb
  5421 | D:4      | Noticed Edmund
  5431 | D:4      | Killed Edmund
  5432 | D:4      | Reached skill level 6 in Axes
  5734 | D:4      | Noticed Robin
  5746 | D:4      | Killed Robin
  5826 | D:4      | Found a stormy altar of Qazlal.
  5865 | D:4      | Reached **** piety under Trog
  5979 | D:5      | Entered Level 5 of the Dungeon
  6001 | D:5      | Reached skill level 5 in Fighting
  6108 | D:5      | Gained mutation: You are mostly covered in icy blue scales.
                  | (AC +3) [demonic ancestry]
  6108 | D:5      | Reached XP level 8. HP: 62/62 MP: 8/8
  6109 | D:5      | Found a sand-covered staircase.
  6117 | Ossuary  | Entered an ossuary
  6463 | Ossuary  | Reached skill level 7 in Axes
  7424 | D:5      | Reached skill level 8 in Axes
  7428 | D:5      | Reached ***** piety under Trog
  7450 | D:5      | Reached XP level 9. HP: 53/69 MP: 9/9
  7662 | D:6      | Reached skill level 5 in Dodging
  7813 | D:6      | Found a broken altar of Ashenzari.
  7936 | D:6      | Noticed Prince Ribbit
  7946 | D:6      | Killed Prince Ribbit
  7947 | D:6      | Reached skill level 9 in Axes
  8331 | D:7      | Found Mogruplutil's Antique Weapon Boutique.
  8342 | D:7      | Bought a pitted quarterstaff for 270 gold pieces
  8342 | D:7      | Identified the +8 quarterstaff of Valiance {freeze, rPois
                  | rN+ Dex+3} (You bought it in a shop on level 7 of the
                  | Dungeon)
  8596 | D:7      | Found Lyxuhi Vese's Assorted Antiques.
  8611 | D:7      | Reached skill level 1 in Staves
  8833 | D:7      | Bought a scroll labelled ENESHRA UDUTY for 33 gold pieces
  9073 | D:7      | Found a staircase to the Ecumenical Temple.
  9184 | D:7      | Found Yssif Ros's Jewellery Shoppe.
  9184 | D:7      | Noticed Pikel
  9196 | D:7      | Found Meude Ruopp's Jewellery Boutique.
  9213 | D:7      | Noticed Dowan
  9214 | D:7      | Noticed Duvessa
  9230 | D:7      | Killed Duvessa
  9239 | D:7      | Killed Dowan
  9407 | D:7      | Found Ollig's Book Shop.
  9679 | Temple   | Entered the Ecumenical Temple
  9814 | D:8      | Gained mutation: Your demonic aura causes all spilled blood
                  | to erupt in flames. [demonic ancestry]
  9814 | D:8      | Reached XP level 10. HP: 62/77 MP: 10/10
  9929 | D:8      | Cast into level 1 of the Abyss (orc wizard)
  9991 | Abyss:1  | Noticed an orange demon
  9992 | Abyss:1  | Noticed a large abomination
 10001 | Abyss:1  | Killed a large abomination
 10005 | Abyss:1  | Killed an orange demon
 10037 | Abyss:1  | Noticed a smoke demon
 10052 | Abyss:1  | Noticed a smoke demon
 10058 | Abyss:1  | Killed a smoke demon
 10059 | Abyss:1  | Reached skill level 5 in Staves
 10086 | Abyss:1  | Noticed a tentacled starspawn
 10090 | Abyss:1  | Noticed a brown very ugly thing
 10106 | Abyss:1  | Noticed a glowing orange brain
 10109 | Abyss:1  | Noticed a smoke demon
 10115 | Abyss:1  | Noticed a wretched star
 10136 | Abyss:1  | Noticed a large abomination
 10139 | Abyss:1  | Noticed a smoke demon
 10149 | Abyss:1  | HP: 1/79 [smoke demon/divine providence (15)]
 10164 | Abyss:1  | Noticed a yellow draconian
 10169 | Abyss:1  | Gained mutation: You have sharp toenails. [potion of
                  | mutation]
 10189 | Abyss:1  | Noticed a large abomination
 10191 | Abyss:1  | Slain by a large abomination

Illustrated notes

Levels and vault maps discovered:
D:1:      sevenhm_arrival_forest_fort_large_2, layout_loops_ring,
          dreamdust_ecumenical_altar_hidden_monk_grotto
D:2:      layout_basic, hangedman_decor_clover_reticule, nrook_uturn,
          minivault_11, roderic_roman_lattice, kennysheep_generic_room_3,
          uniq_crazy_yiuf_cottage, uniq_natasha
D:3:      layout_loops_ring, palyth_temple_overflow_mages,
          mainiacjoe_overflow_two_lobes
D:4:      layout_loops_ring, mainiacjoe_overflow_alcove_1,
          grunt_qazlal_sundering, hangedman_decor_slide_cut, dk_noncrumbling_4,
          minmay_misc_feat_tiny, minmay_misc_feat_nine_boxes, uniq_robin,
          uniq_ijyb, uniq_edmund
D:5:      layout_rooms, nicolae_ossuary_entry_monument,
          minmay_misc_feat_pillars, minmay_joined_circles
D:6:      layout_basic, mainiacjoe_overflow_small_starburst, uniq_prince_ribbit1
D:7:      layout_loops_ring, minmay_temple_entry_mist, serial_shops,
          nicolae_shop_waterfront, shop, nicolae_take_the_stairs, shop, shop,
          kennysheep_dice, uniq_duvessa, uniq_pikel
D:8:      layout_rooms, fedhas_bush_and_centaur_altar, serial_bayou_pond_d,
          uniq_erica
Temple:   minmay_temple_forest_path
Abyss:1:  base: D:2, gammafunk_corrupted_shrine

Skill      XL: |  1  2  3  4  5  6  7  8  9 10 |
---------------+-------------------------------+-----
Axes           | 3 4 5 6 8 9 |  9.2
Dodging        | 2 3 4 6 |  6.5
Stealth        | 1 2 3 4 |  4.5
Fighting       | 4 5 6 7 |  7.2
Staves         | 3 5 |  5.3
Armour         | |  1.8

Action                   |  1- 3 |  4- 6 |  7- 9 | 10-12 || total
-------------------------+-------+-------+-------+-------++-------
Melee: Hand axe          |    98 |   219 |   276 |       ||   593
       War axe           |       |       |   100 |       ||   100
       Quarterstaff      |       |       |    69 |    39 ||   108
       Kick              |       |       |       |     1 ||     1
Invok: Berserk           |     3 |     5 |    12 |     4 ||    24
       Trog's Hand       |       |       |     1 |     2 ||     3
       Brothers in Arms  |       |       |     1 |       ||     1
  Use: Scroll            |       |     6 |     5 |     2 ||    13
       Potion            |       |       |     7 |     3 ||    10
 Stab: Sleeping          |     4 |     6 |     9 |       ||    19
Armor: Animal skin       |    14 |    43 |   112 |    14 ||   183
Dodge: Dodged            |    76 |   176 |   418 |    59 ||   729
